 Dungeon Crawl Stone Soup version 0.30-a0-172-gc5509c9e31 (webtiles) character file.

Game seed: 18378504557471821881

17513 slphil the Thaumaturge (level 12, 0/94 HPs)
             Began as a Djinni Fire Elementalist on Oct 2, 2022.
             Was a Priest of Ashenzari.
             Slain by an orc knight
             ... wielding a +0 war axe
              (16 damage)
             ... on level 1 of the Orcish Mines.
             The game lasted 00:26:07 (13065 turns).

slphil the Thaumaturge (Djinni Fire Elementalist)  Turns: 13065, Time: 00:26:07

Health: 0/94       AC: 10    Str:  7    XL:     12   Next: 83%
Gold:   1073       EV: 16    Int: 22    God:    Ashenzari [***...] SH:  0 Dex: 14

rFire   + + .      SeeInvis +    x - +2 war axe "Celestial Sybil" {elec, Cun, Fort} (curse)
rCold   + . .      Faith    .    (no shield)
rNeg    . . .      Spirit   .    I - +1 steam dragon scales of the Esoteric Sybil {Self, Evo} (curse)
rPois   ∞          Reflect  .    N - +0 hat "Shackled With Me" {Melee, Cun} (curse)
rElec   .          Harm     .    (no cloak)
rCorr   +          Rampage  .    (no gloves)
Will    +....      Clarity  +    (boots unavailable)
Stlth   ++++......               (no amulet)
HPRegen 0.35/turn                u - ring "Ensconced Together" {AC+4, Cun, Self} (curse)
MPRegen 0.00/turn                d - ring of the Fated Mistrust {Drain rC++ rCorr SInv Stlth+, Melee, Fort} (curse)

@: radiating poison, flying
A: sickness immunity, fire resistance 2, cold vulnerability 1, float, innate
caster, HP casting, extra vitality 1
a: Renounce Religion, Curse Item, Shatter the Chains


You were on level 1 of the Orcish Mines.
You worshipped Ashenzari.
Ashenzari was most pleased with you.
You visited 2 branches of the dungeon, and saw 13 of its levels.

You collected 1073 gold pieces.

Inventory:

Hand Weapons
 b - a +0 club
 x - the cursed +2 war axe "Celestial Sybil" (weapon) {elec, Cun, Fort}
   (You found it on level 4 of the Dungeon)

   It occasionally discharges a powerful burst of electricity upon striking a
   foe.
   It has a curse which improves the following skills: Cunning: Dodging and
   Stealth.
   Fortitude: Armour and Shields.
 G - a +2 short sword of electrocution
 H - a +0 scimitar of draining
 P - the +7 falchion "Killer Bee's Curse" {vorpal, rPois rF- rN++ SInv}
   (You found it on level 11 of the Dungeon)

   It inflicts extra damage upon your enemies.
   rF:        It makes you vulnerable to fire.
   rPois:     It protects you from poison.
   rN:        It greatly protects you from negative energy.
   SInv:      It lets you see invisible.
Missiles
 o - 2 throwing nets
Armour
 a - a +0 robe
 r - a +2 chain mail of willpower
 I - the cursed +1 steam dragon scales of the Esoteric Sybil (worn) {Self, Evo}
   (You took it off Maggie on level 7 of the Dungeon)

   It has a curse which improves the following skills: Introspection: Fighting
   and Spellcasting.
   Evocations: Evocations.
 L - +0 steam dragon scales
 N - the cursed +0 hat "Shackled With Me" (worn) {Melee, Cun}
   (You found it on level 9 of the Dungeon)

   It has a curse which improves the following skills: Melee Combat: Short
   Blades, Long Blades, Axes, Maces & Flails, Polearms, Staves and Unarmed
   Combat.
   Cunning:   Dodging and Stealth.
 O - a +2 robe of positive energy
Jewellery
 d - the cursed ring of the Fated Mistrust (right hand) {Drain rC++ rCorr SInv Stlth+, Melee, Fort}
   (You acquired it on level 7 of the Dungeon)

   [ring of see invisible]

   rC:        It greatly protects you from cold.
   SInv:      It lets you see invisible.
   rCorr:     It protects you from acid and corrosion.
   Drain:     It drains your maximum health when unequipped.
   Stlth:     It makes you more stealthy.
   It has a curse which improves the following skills: Melee Combat: Short
   Blades, Long Blades, Axes, Maces & Flails, Polearms, Staves and Unarmed
   Combat.
   Fortitude: Armour and Shields.
 u - the cursed ring "Ensconced Together" (left hand) {AC+4, Cun, Self}
   (You found it on level 3 of the Dungeon)

   [ring of protection]

   AC:        It affects your AC (+4).
   It has a curse which improves the following skills: Cunning: Dodging and
   Stealth.
   Introspection: Fighting and Spellcasting.
 z - a ring of positive energy
Wands
 y - a wand of polymorph (7)
 A - a wand of iceblast (5)
 F - a wand of charming (15)
 J - a wand of flame (32)
Scrolls
 c - 2 scrolls of butterflies
 f - 4 scrolls of poison
 h - 3 scrolls of vulnerability
 i - 5 scrolls of teleportation
 m - 2 scrolls of brand weapon
 n - 6 scrolls of magic mapping
 p - 4 scrolls of amnesia
 q - 11 scrolls of identify
 s - 3 scrolls of noise
 t - 4 scrolls of blinking
 w - 2 scrolls of fear
 D - a scroll of enchant weapon
 E - 4 scrolls of torment
Potions
 e - 3 potions of lignification
 g - a potion of heal wounds
 j - 9 potions of brilliance
 k - 2 potions of might
 l - 2 potions of haste
 v - 4 potions of curing
 B - a potion of flight
 C - 2 potions of magic
 K - 2 potions of cancellation
 M - a potion of resistance


   Skills:
 - Level 9.0(11.4) Fighting
 - Level 5.6(8.8) Dodging
 - Level 3.8(6.7) Stealth
 + Level 12.7(15.0) Spellcasting
 - Level 5.5(7.1) Evocations


You had 14 spell levels left.
You knew the following spells:

 Your Spells              Type           Power      Damage    Failure   Level
a - Foxfire               Conj/Fire      100%       2x1d9     0%          1
b - Scorch                Fire           100%       2d10      0%          2
c - Kindle Blastsparks    Fire/Tloc/Air  100%       2d18      1%          3
d - Inner Flame           Hex/Fire       70%        N/A       1%          3
e - Flame Wave            Conj/Fire      70%        2d16      1%          4
f - Slow                  Hex            100%       N/A       0%          1
g - Searing Ray           Conj           100%       2d8       0%          2
h - Frozen Ramparts       Ice            100%       1d16      1%          3
i - Animate Armour        Summ/Erth      100%       N/A       1%          4
j - Olgreb's Toxic Radia  Pois           70%        N/A       1%          4
Your spell library was empty.

Dungeon Overview and Level Annotations

Branches:
Dungeon (11/15)            Temple (0/1) D:7            Lair (0/5) D:9
    Orc (2/2) D:9             Elf (0/3) Orc:2

Altars:
Ashenzari
Cheibriados
Fedhas
Hepliaklqana
Okawaru
Qazlal
Trog
Wu Jian
Xom
The Shining One

Shops:
Orc:2 *

Annotations:
D:5 3 runed translucent doors, ytrimaz's ghost, novice DjFi
Orc:1 1 runed translucent door, drugrobin's ghost, journeyman DgDe
Orc:2 Saint Roka


Innate Abilities, Weirdness & Mutations

You are immune to sickness and miasma.
You are immune to poison.
Your flesh is very heat resistant. (rF++)
You are vulnerable to cold. (rC-)
You float through the air rather than walking.
You learn spells naturally, not from books.
Your magical power is your life essence.
You have superior vitality. (+4 MHP)


Message History

The orc knight is heavily wounded.
Unknown command.
Casting: Foxfire (safe; 0% risk of failure)
Confirm with . or Enter, or press ? or * to list all spells.
You conjure some foxfire!
* * * LOW HITPOINT WARNING * * *
The orc warrior looks even sicker.
The orc knight looks as sick as possible!
The orc warrior looks even sicker.
The foxfire hits the orc warrior but does no damage.
The orc warrior is severely wounded.
The foxfire hits the orc knight.
The orc knight is severely wounded.
The orc knight roars a battlecry!
The orcs go into a battle-frenzy!
The orc priest calls down the wrath of Beogh upon you.
You resist with significant effort.
Casting: Foxfire (safe; 0% risk of failure)
Confirm with . or Enter, or press ? or * to list all spells.
You conjure some foxfire!
* * * LOW HITPOINT WARNING * * *
You kill the orc priest!
The orc knight looks as sick as possible!
The orc warrior looks even sicker.
The foxfire hits the orc knight but does no damage.
The orc knight is severely wounded.
The foxfire hits the orc knight but does no damage.
The orc knight is severely wounded.
The orc knight hits you with a +0 war axe!
* * * LOW HITPOINT WARNING * * *
The foxfire hits the orc warrior but does no damage.
The orc warrior is almost dead.
Casting: Foxfire (safe; 0% risk of failure)
Confirm with . or Enter, or press ? or * to list all spells.
You conjure some foxfire!
* * * LOW HITPOINT WARNING * * *
The foxfire hits the orc warrior but does no damage.
The orc warrior is almost dead.
The orc knight hits you with a +0 war axe!
You die...

## ###
###.###.### * *
, #.........*##
,
.........,..###
* ,
.....$.v#..)...,
* , ..)....@[#,
, , * ,
#.$...ovo# * , ,
,,, , ,
*.........(# ,,
#.).o.....o., *
, ,.............
,
...............
,, ,
.)....#........
..#......#....#
, , ∩, ,,, ,


You could see 2 orc knights and 2 orc warriors.

Vanquished Creatures
  An ettin (Orc:2)
  Erolcha (Orc:1)
  5 two-headed ogres
  An orc knight (Orc:1)
  An orc sorcerer (Orc:2)
  A cyclops (Orc:1)
  A manticore (D:11)
  A gargoyle (D:10)
  Maggie (D:7)
  4 trolls
  A hornet (D:9)
  3 shadows
  2 wyverns
  A wraith (D:11)
  3 steam dragons
  16 yaks
  3 vampire mosquitoes
  5 wargs
  An acid dragon (D:11)
  A water moccasin (D:6)
  4 ice beasts
  18 orc warriors
  A sky beast (D:7)
  4 ogres
  A centaur (D:8)
  2 kobold brigands
  2 bullfrogs (D:8)
  A necrophage (D:6)
  5 scorpions
  9 wights
  3 killer bees (D:6)
  4 howler monkeys
  2 hounds
  2 jellies
  15 orc priests
  A gnoll bouda (D:7)
  18 orc wizards
  Terence (D:3)
  An iguana (D:4)
  A mummy (D:6)
  10 gnolls
  7 adders
  A shadow imp (D:7)
  3 white imps
  An ufetubus (D:4)
  3 worms
  3 dart slugs
  61 orcs
  9 endoplasms
  4 giant cockroaches
  6 goblins
  10 hobgoblins
  6 jackals (D:1)
  14 kobolds
  8 quokkas
  9 ball pythons
  5 bats
  A frilled lizard (D:1)
  5 rats
314 creatures vanquished.

Vanquished Creatures (others)
  883 foxfires
883 creatures vanquished.

Grand Total: 1197 creatures vanquished

Notes
Turn   | Place    | Note
-------+----------+-------------------------------------------
     0 | D:1      | slphil the Djinni Fire Elementalist began the quest for the
                  | Orb.
     0 | D:1      | slphil set off with the following spells memorised:
                  | Foxfire, Scorch, Kindle Blastsparks, Inner Flame, Flame
                  | Wave.
     0 | D:1      | Reached XP level 1. HP: 15/15 MP: 0/0
   120 | D:1      | Reached skill level 1 in Fighting
   120 | D:1      | Reached XP level 2. HP: 19/22 MP: 0/0
   311 | D:1      | Reached XP level 3. HP: 25/27 MP: 0/0
   311 | D:1      | Learned a level 1 spell: Slow
   961 | D:2      | Reached skill level 3 in Spellcasting
  1056 | D:2      | Reached XP level 4. HP: 31/33 MP: 0/0
  1746 | D:3      | Reached XP level 5. HP: 38/40 MP: 0/0
  1746 | D:3      | Learned a level 2 spell: Searing Ray
  1977 | D:3      | Noticed Terence
  1983 | D:3      | Killed Terence
  2597 | D:4      | Noticed an ogre
  2603 | D:4      | Killed an ogre
  2604 | D:4      | Reached skill level 4 in Spellcasting
  2604 | D:4      | Reached XP level 6. HP: 11/47 MP: 0/0
  2929 | D:4      | Identified the +4 leather armour of Xaiweruu {-Cast Rampage
                  | rF++ rN+}
  3020 | D:4      | Found a hazy altar of Hepliaklqana.
  3256 | D:5      | Entered Level 5 of the Dungeon
  3258 | D:5      | Noticed an ogre
  3264 | D:5      | Killed an ogre
  3265 | D:5      | Reached XP level 7. HP: 45/53 MP: 0/0
  3265 | D:5      | Learned a level 3 spell: Frozen Ramparts
  3292 | D:5      | Noticed a steam dragon
  3303 | D:5      | Killed a steam dragon
  3304 | D:5      | Reached skill level 5 in Fighting
  3406 | D:5      | Noticed ytrimaz's ghost (novice DjFi)
  3450 | D:5      | Found a runed translucent gate.
  3450 | D:5      | Found a runed translucent gate.
  3450 | D:5      | Found a runed translucent gate.
  3626 | D:5      | Found a broken altar of Ashenzari.
  3626 | D:5      | Found an ornate altar of the Wu Jian Council.
  3666 | D:5      | Reached skill level 5 in Spellcasting
  3672 | D:5      | Became a worshipper of Ashenzari the Shackled
  3768 | D:5      | Reached XP level 8. HP: 58/60 MP: 0/0
  4520 | D:6      | Found a blossoming altar of Fedhas.
  4558 | D:6      | Reached skill level 6 in Spellcasting
  4570 | D:6      | Reached XP level 9. HP: 36/69 MP: 0/0
  4570 | D:6      | Learned a level 4 spell: Animate Armour
  4724 | D:6      | Found a stormy altar of Qazlal.
  4726 | D:6      | Found a shimmering altar of Xom.
  4726 | D:6      | Found a broken altar of Ashenzari.
  4740 | D:6      | Found an iron altar of Okawaru.
  4740 | D:6      | Found a glowing golden altar of the Shining One.
  4740 | D:6      | Found an ornate altar of the Wu Jian Council.
  5136 | D:6      | Found a snail-covered altar of Cheibriados.
  5271 | D:7      | Reached * piety under Ashenzari
  5271 | D:7      | Identified a scroll of acquirement
  5285 | D:7      | Noticed Maggie
  5293 | D:7      | Killed Maggie
  5395 | D:7      | Acquired the ring of Mynt {Drain rC++ rCorr SInv Stlth+}
  5486 | D:7      | Reached skill level 7 in Spellcasting
  5639 | D:7      | Found a staircase to the Ecumenical Temple.
  6106 | D:7      | Reached ** piety under Ashenzari
  6110 | D:7      | Found a stormy altar of Qazlal.
  6384 | D:7      | Reached skill level 1 in Evocations
  6445 | D:7      | Reached XP level 10. HP: 74/80 MP: 0/0
  7172 | D:8      | Reached *** piety under Ashenzari
  7335 | D:8      | Identified the +6 chain mail "Neibbink" {Harm rC+ Int-5
                  | Slay+2}
  7469 | D:8      | Reached skill level 5 in Dodging
  7977 | D:9      | Found a glowing golden altar of the Shining One.
  7987 | D:9      | Found a staircase to the Orcish Mines.
  8196 | D:9      | Reached skill level 5 in Evocations
  8507 | D:9      | Reached skill level 8 in Spellcasting
  8512 | D:9      | Reached XP level 11. HP: 41/87 MP: 0/0
  8512 | D:9      | Learned a level 4 spell: Olgreb's Toxic Radiance
  8864 | D:9      | Found a bloodstained altar of Trog.
  8870 | D:9      | Found a staircase to the Lair.
  9139 | D:10     | Entered Level 10 of the Dungeon
  9631 | D:10     | Noticed a two-headed ogre
  9644 | D:10     | Killed a two-headed ogre
  9645 | D:10     | Reached skill level 9 in Spellcasting
  9752 | D:10     | Noticed a two-headed ogre
  9757 | D:10     | Killed a two-headed ogre
 10326 | D:11     | Noticed a two-headed ogre
 10399 | D:11     | Identified the +7 falchion "Killer Bee's Curse" {vorpal,
                  | rPois rF- rN++ SInv}
 10583 | D:11     | Reached skill level 10 in Spellcasting
 10676 | D:11     | Killed a two-headed ogre
 10839 | D:11     | Noticed a two-headed ogre
 10845 | D:11     | Killed a two-headed ogre
 10883 | D:11     | Noticed a two-headed ogre
 10892 | D:11     | Killed a two-headed ogre
 10893 | D:11     | Reached XP level 12. HP: 85/94 MP: 0/0
 10971 | D:11     | Reached skill level 11 in Spellcasting
 11397 | Orc:1    | Entered Level 1 of the Orcish Mines
 11937 | Orc:2    | Entered Level 2 of the Orcish Mines
 12068 | Orc:2    | Noticed an ettin
 12079 | Orc:2    | Killed an ettin
 12283 | Orc:2    | Found Siguod's General Store.
 12404 | Orc:2    | Reached skill level 12 in Spellcasting
 12417 | Orc:2    | Noticed Saint Roka
 12427 | Orc:2    | Found a staircase to the Elven Halls.
 12832 | Orc:1    | Found a runed translucent door.
 12832 | Orc:1    | Found a shimmering altar of Xom.
 12832 | Orc:1    | Noticed drugrobin's ghost (journeyman DgDe)
 12884 | Orc:1    | Noticed a +2 trident of chaos
 13017 | Orc:1    | Noticed Erolcha
 13024 | Orc:1    | Killed Erolcha
 13065 | Orc:1    | Slain by an orc knight

Illustrated notes

Levels and vault maps discovered:
D:1:      dpeg_arrival_pond, layout_loops_ring, grunt_decor_arrowhead,
          minmay_misc_feat_x
D:2:      layout_basic, minmay_tall_x
D:3:      layout_basic, uniq_terence
D:4:      layout_basic, worldfamousw_hep_ancestral_shrine
D:5:      corexii_shack_village, layout_basic, nicolae_overflow_squiral,
          gammafunk_ghost_icy
D:6:      layout_basic, doesnt_xom_only_xom,
          mainiacjoe_overflow_small_starburst, old_standard_altar, slow_altar_2,
          st_stairs_11, kennysheep_doodads,
          nicolae_concentric_dashed_squares_mild
D:7:      layout_basic, nicolae_qazlal_style_of_elements,
          minmay_temple_entry_junction, uniq_maggie
D:8:      minmay_spotlight, layout_loops_ring,
          mainiacjoe_overflow_surrounded_room
D:9:      layout_irregular_city, tso_metal_star, mainiacjoe_overflow_catwalk,
          orc_0_dummy, serial_bayou_pond_d, grunt_decor_resistance
D:10:     layout_loops_ring
D:11:     layout_long_grid
Orc:1:    layout_caves, ebering_ghost_xom, nicolae_shop_overcharged_wands,
          uniq_erolcha
Orc:2:    grunt_orc_community_town_hall, layout_caves,
          grunt_orc_community_big_house_1, grunt_orc_community_big_house_1,
          grunt_orc_community_house_2, grunt_orc_community_house_3,
          grunt_orc_community_house_2, grunt_orc_community_house_1,
          grunt_orc_community_house_1, grunt_orc_community_house_3,
          gammafunk_ghost_smash

Skill      XL: |  1  2  3  4  5  6  7  8  9 10 11 12 |
---------------+-------------------------------------+-----
Fighting       | 1 2 4 5 7 9 |  9.0
Spellcasting   | 3 4 5 6 7 8 10 12 | 12.7
Evocations     | 1 5 |  5.5
Dodging        | 5 |  5.6
Stealth        | 3 |  3.8

Action                   |  1- 3 |  4- 6 |  7- 9 | 10-12 || total
-------------------------+-------+-------+-------+-------++-------
Melee: War axe           |       |       |       |     5 ||     5
 Cast: Foxfire           |    51 |    88 |   157 |   226 ||   522
       Scorch            |     9 |    24 |    64 |   112 ||   209
       Flame Wave        |       |       |     1 |    10 ||    11
       Kindle Blastspark |       |       |       |     3 ||     3
       Frozen Ramparts   |       |       |       |     4 ||     4
       Olgreb's Toxic Ra |       |       |       |    35 ||    35
       Animate Armour    |       |       |       |     1 ||     1
Invok: Curse Item        |       |       |     3 |     2 ||     5
  Use: Scroll            |       |       |     1 |     2 ||     3
       Potion            |       |       |       |     1 ||     1
Armor: Robe              |     2 |     5 |     8 |       ||    15
       Steam dragon scal |       |       |     1 |    26 ||    27
Dodge: Dodged            |     3 |     5 |    25 |    89 ||   122

Table legend: (Time is in decaauts)
 A = Elapsed time spent in this place.
 B = Non-inter-level travel time spent in this place.
 C = Inter-level travel time spent in this place.
 D = Time resting spent in this place.
 E = Time spent auto-exploring this place.
 F = Levels seen in this place.
 G = Mean time per level.
                   A        B        C        D        E       F      G
               +--------+--------+--------+--------+--------+-----+--------+
         Total |  13072 |  12272 |    800 |    716 |  10019 |  13 | 1005.5 |
       Dungeon |  11738 |  10973 |    765 |    371 |   9281 |  11 | 1067.1 |
  Orcish Mines |   1334 |   1300 |     34 |    345 |    738 |   2 |  667.0 |
               +--------+--------+--------+--------+--------+-----+--------+

Top non-repeatable levels by time:
     D:7: 1506 daAuts
     D:9: 1279 daAuts
     D:8: 1231 daAuts
    D:10: 1227 daAuts
     D:6: 1174 daAuts
     D:3: 1115 daAuts
    D:11: 1004 daAuts
     D:2: 929 daAuts
     D:5: 895 daAuts
     D:1: 821 daAuts
   Orc:1: 773 daAuts
   Orc:2: 561 daAuts
     D:4: 551 daAuts
